 Dungeon Crawl Stone Soup version 0.21.1-1-g345015fe64 (webtiles) character file.

43 Evaline the Magician (level 3, 19/26 HPs)
             Began as a Draconian Wizard on June 13, 2018.
             Was a Follower of Wu Jian.
             Quit the game on level 2 of the Dungeon.
             The game lasted 00:11:40 (1042 turns).

Evaline the Magician (Draconian Wizard)             Turns: 1042, Time: 00:11:41

Health: 19/26      AC:  5    Str:  9    XL:     3   Next: 37%
Magic:  7/8        EV: 12    Int: 19    God:    Wu Jian [*.....]
Gold:   36         SH:  0    Dex:  9    Spells: 2/9 levels left

rFire    . . .     SeeInvis .   a - +0 spear
rCold    . . .     Gourm    .   (no shield)
rNeg     . . .     Faith    .   (armour unavailable)
rPois    .         Spirit   .   g - +0 hat
rElec    .         Reflect  .   (no cloak)
rCorr    .         Harm     .   (no gloves)
MR       .....                  (no boots)
Stlth    ++........             (no amulet)
HPRegen  0.08/turn              (no ring)
MPRegen  0.11/turn              (no ring)

@: no status effects
A: unfitting armour, cold-blooded, AC +5
a: Renounce Religion


You were on level 2 of the Dungeon.
You worshipped Wu Jian.
Wu Jian was aware of your devotion.
You were not hungry.

You visited 1 branch of the dungeon, and saw 2 of its levels.

You collected 36 gold pieces.

Inventory:

Hand Weapons
 a - a +0 spear (weapon)
 b - a +0 dagger
 q - a +0 hunting sling
Missiles
 p - 39 stones (quivered)
Armour
 g - a +0 hat (worn)
Jewellery
 h - a cursed ring of protection from fire {unknown}
Scrolls
 d - a scroll of enchant weapon {unknown}
 f - a scroll of remove curse {unknown}
 i - a scroll of immolation {unknown}
 j - 2 scrolls of teleportation {unknown}
 l - a scroll of noise {unknown}
 n - 2 scrolls of fog {unknown}
Potions
 k - a potion of heal wounds {unknown}
 m - a potion of flight {unknown}
Books
 e - a book of Minor Magic

   Spells                             Type                      Level
   a - Magic Dart                     Conjuration                  1
   b - Blink                          Translocation                2
   c - Call Imp                       Summoning                    2
   d - Slow                           Hexes                        2
   e - Conjure Flame                  Conjuration/Fire             3
   f - Mephitic Cloud                 Conjuration/Poison/Air       3
Comestibles
 c - 2 rations
 o - 3 chunks of flesh


   Skills:
 + Level 2.0 Dodging
 + Level 2.0 Stealth
 * Level 3.5 Spellcasting
 * Level 1.7 Conjurations
 * Level 0.3 Hexes
 * Level 1.2 Summonings
 * Level 1.2 Translocations


You had 2 spell levels left.
You knew the following spells:

 Your Spells              Type           Power        Failure   Level  Hunger
a - Magic Dart            Conj           ##..         7%          1    None
b - Slow                  Hex            #.......     19%         2    ##.....
c - Blink                 Tloc           N/A          13%         2    ##.....
d - Call Imp              Summ           #.......     13%         2    ##.....


Dungeon Overview and Level Annotations

Branches:
Dungeon (2/15)

Altars:
Wu Jian


Innate Abilities, Weirdness & Mutations

Your plain brown scales are hard. (AC +5)
You cannot fit into any form of body armour.
You are cold-blooded and may be slowed by cold attacks.


Message History

p - 36 stones (gained 1)
You enter the shallow water.
Moving in this stuff is going to be slow.
Your magical contamination has completely faded away.
p - 37 stones (gained 1)
You enter the shallow water.
Moving in this stuff is going to be slow.
p - 39 stones (gained 2) Why would you want to do that?
Things that are here:
a club; a kobold corpse You enter the shallow water.
Moving in this stuff is going to be slow.
There is a faded altar of an unknown god here.
You cannot tell which god this altar belongs to.
Convert to them anyway?
Wu Jian accepts your prayer! The Council welcomes you!
You can now perform damaging attacks by moving towards foes.
You can now lightly attack and pin monsters in place by moving around them.
Are you sure you want to abandon this character and quit the game? (Confirm with "yes".)

##.....#
#########......#
#.≈..≈.)≈.≈....#
#..≈≈.≈≈..≈.≈..#
#≈≈≈≈≈≈≈≈≈≈≈≈.....
#..≈≈≈≈≈≈≈≈≈≈......
#[≈≈≈≈≈≈≈≈≈≈≈≈.....
#..≈≈≈≈..≈≈≈.......
#≈.≈≈≈≈@♣≈≈≈≈......
#.≈≈≈≈≈.≈≈≈≈......
#.≈≈≈≈≈≈≈≈≈≈≈)...
#≈r≈≈≈≈≈≈≈≈≈..##
#.≈≈≈≈≈≈≈≈≈≈..#
#≈≈....≈≈≈≈≈.≈#
#.≈≈.≈..≈...≈.#
###############


You could see a quokka.

Vanquished Creatures
  An adder zombie (D:2)
  3 dart slugs (D:1)
  2 leopard geckos
  A giant cockroach (D:1)
  A goblin (D:1)
  4 hobgoblins (D:1)
  2 ball pythons (D:1)
  4 bats
  5 frilled lizards
  5 kobolds
  A leopard gecko skeleton (D:2)
  A quokka skeleton (D:2)
  4 rats (D:1)
34 creatures vanquished.

Notes
Turn   | Place    | Note
-------+----------+-------------------------------------------
     0 | D:1      | Evaline the Draconian Wizard began the quest for the Orb.
     0 | D:1      | Reached XP level 1. HP: 14/14 MP: 4/4
   143 | D:1      | Reached XP level 2. HP: 19/20 MP: 0/6
   312 | D:1      | Learned a level 2 spell: Slow
   315 | D:1      | Learned a level 2 spell: Blink
   318 | D:1      | Learned a level 2 spell: Call Imp
   817 | D:1      | Reached XP level 3. HP: 26/26 MP: 4/7
   997 | D:2      | Found a faded altar of an unknown god.
  1041 | D:2      | Became a worshipper of the Wu Jian Council
  1041 | D:2      | Reached * piety under Wu Jian
  1042 | D:2      | Quit the game

Skill      XL: |  1  2 |
---------------+-------+-----
Dodging        | 2 |  2.0
Stealth        | 2 |  2.0
Spellcasting   | |  3.5
Conjurations   | |  1.7
Hexes          | |  0.3
Summonings     | |  1.2
Translocations | |  1.2

Action                   || total
-------------------------++-------
Melee: Dagger            ||    21
       Spear             ||    45
       Unarmed           ||     8
       Tailslap          ||     5
 Cast: Magic Dart        ||    43
 Stab: Sleeping          ||     2
Armor: Skin              ||    18
Dodge: Dodged            ||    61
